AoeStats
← IIIIIIIIIII2155

QS Arena

503539444Analyzed
4v4 RM · 1mo ago on Sep 1, 2026· 51m 17s· 8 players
Game mode
Random Map
Map size
Large (8 player)
Population
200
Speed
Normal
Resources
Standard
Victory
Conquest
Starting age
Dark Age
Ending age
Imperial Age
RankedLock teamsTeams togetherTeam positionsShared explorationLock speedFull tech treeHidden civsTurbo modeCheats
Victory
Defeat
🇹🇼 Khmer · Taiwan
1038
+12
🇩🇪 Britons · Germany
1017
+13
🇨🇱 Vikings · Chile
992
+14
🇨🇦 Cumans · Canada
988
+15
🇺🇸 Bengalis · United States
1005
-16
🇺🇸 Burgundians · United States
965
-14
🇺🇸 Franks · United States
949
-13
🇺🇸 Berbers · United States
907
-11
Vizcacha
5:11 Loom
7:17 Feudal Age
15:23 Castle Age
13:47 Double-Bit Axe
13:50 Horse Collar
16:39 Heavy Plow
16:52 Bow Saw
20:50 Gold Mining
22:00 Stone Mining
24:43 Gold Shaft Mining
24:25 Gambesons
24:01 Man-at-Arms
24:41 Squires
24:27 Arson
24:54 Forging
24:45 Scale Mail Armor
30:12 Imperial Age
28:15 Long Swordsman
28:33 Pikeman
29:56 Iron Casting
29:38 Chain Mail Armor
30:21 Loom
30:22 Town Watch
32:04 Chieftains
32:52 Conscription
32:38 Capped Ram
33:39 Siege Ram
34:56 Elite Skirmisher
36:40 Blast Furnace
36:10 Plate Mail Armor
35:31 Fletching
35:41 Padded Archer Armor
36:05 Ballistics
36:45 Chemistry
35:52 Siege Engineers
36:49 Two-Handed Swordsman
40:14 Two-Man Saw
40:39 Bodkin Arrow
41:00 Leather Archer Armor
43:43 Bracer
44:13 Ring Archer Armor
47:32 Caravan
tboss
0:27 Loom
7:04 Feudal Age
7:36 Double-Bit Axe
7:33 Horse Collar
15:43 Wheelbarrow
19:36 Castle Age
19:22 Gold Mining
20:13 Scale Barding Armor
20:32 Hand Cart
20:28 Bow Saw
20:20 Heavy Plow
20:41 Bloodlines
23:01 Chain Barding Armor
24:41 Forging
25:03 Murder Holes
26:38 Town Watch
27:48 Iron Casting
30:28 Imperial Age
28:15 Steppe Husbandry
29:20 Ballistics
29:24 Town Patrol
29:10 Light Cavalry
30:44 Elite Steppe Lancer
32:00 Plate Barding Armor
32:25 Blast Furnace
31:47 Conscription
33:00 Crop Rotation
32:23 Pikeman
34:25 Scale Mail Armor
34:19 Hussar
34:21 Halberdier
35:02 Squires
36:12 Chain Mail Armor
35:46 Arson
38:48 Chemistry
39:10 Fletching
39:53 Plate Mail Armor
39:39 Fletching
42:36 Two-Man Saw
41:49 Cuman Mercenaries
41:49 Bodkin Arrow
42:41 Capped Ram
44:08 Thumb Ring
44:29 Parthian Tactics
44:06 Padded Archer Armor
43:47 Siege Ram
45:05 Hoardings
45:58 Masonry
46:05 Leather Archer Armor
48:37 Ring Archer Armor
jerry80tim
5:30 Loom
8:59 Feudal Age
12:10 Castle Age
12:04 Double-Bit Axe
13:33 Bow Saw
16:22 Horse Collar
21:14 Wheelbarrow
23:30 Hand Cart
26:53 Heavy Plow
27:37 Scale Barding Armor
27:44 Forging
27:48 Masonry
27:31 Gold Mining
27:32 Stone Mining
27:59 Fortified Wall
30:40 Imperial Age
29:16 Chain Barding Armor
28:48 Fletching
29:20 Ballistics
28:57 Murder Holes
31:23 Bloodlines
31:14 Husbandry
32:14 Plate Barding Armor
32:15 Iron Casting
32:43 Chemistry
32:18 Conscription
34:39 Crop Rotation
37:46 Blast Furnace
36:42 Bodkin Arrow
40:06 Bracer
40:06 Padded Archer Armor
40:02 Elite Battle Elephant
41:33 Tusk Swords
41:33 Double Crossbow
42:10 Hoardings
41:53 Leather Archer Armor
41:38 Scale Mail Armor
42:39 Light Cavalry
43:53 Elite Ballista Elephant
48:44 Ring Archer Armor
48:16 Scale Mail Armor
48:23 Siege Engineers
48:48 Architecture
48:51 Hussar
IIIIIIIIIII2155
7:50 Feudal Age
13:31 Castle Age
11:37 Double-Bit Axe
12:11 Horse Collar
14:29 Bow Saw
14:20 Heavy Plow
15:20 Wheelbarrow
20:25 Stone Mining
22:19 Hand Cart
28:02 Imperial Age
25:29 Gold Mining
25:27 Pikeman
26:07 Squires
26:24 Padded Archer Armor
27:06 Loom
28:09 Ballistics
27:30 Treadmill Crane
28:30 Yeomen
28:03 Fletching
28:24 Forging
28:30 Leather Archer Armor
29:42 Gold Shaft Mining
28:58 Halberdier
29:37 Bodkin Arrow
30:18 Iron Casting
31:46 Chemistry
31:28 Elite Longbowman
36:15 Bracer
37:16 Blast Furnace
36:16 Scale Mail Armor
36:48 Ring Archer Armor
36:29 Elite Skirmisher
41:11 Two-Man Saw
48:26 Crossbowman
49:26 Chain Mail Armor
49:44 Arbalester
Jake
8:07 Feudal Age
11:49 Castle Age
10:08 Double-Bit Axe
16:11 Bow Saw
18:50 Wheelbarrow
21:11 Hand Cart
25:07 Imperial Age
22:45 Gold Mining
22:46 Stone Mining
24:45 Gold Shaft Mining
24:17 Scale Barding Armor
24:22 Forging
25:27 Husbandry
25:20 Cavalier
26:57 Ballistics
26:59 Paladin
28:27 Fervor
29:03 Masonry
30:13 Iron Casting
29:39 Padded Archer Armor
31:24 Conscription
31:43 Hoardings
32:14 Chain Barding Armor
33:01 Pikeman
33:42 Squires
35:13 Loom
37:00 Chemistry
35:51 Fletching
36:38 Plate Barding Armor
36:19 Fortified Wall
42:16 Blast Furnace
41:13 Bodkin Arrow
41:34 Leather Archer Armor
41:52 Architecture
41:18 Murder Holes
42:48 Caravan
47:22 Halberdier
48:15 Scale Mail Armor
jordham22
7:44 Feudal Age
12:17 Castle Age
10:44 Double-Bit Axe
15:47 Bow Saw
20:05 Wheelbarrow
21:11 Loom
21:41 Hand Cart
21:50 Gold Mining
21:50 Stone Mining
21:42 Horse Collar
22:40 Town Watch
23:03 Heavy Plow
24:05 Fervor
27:46 Imperial Age
26:45 Fletching
26:56 Padded Archer Armor
27:19 Ballistics
27:48 Elite Elephant Archer
29:09 Bodkin Arrow
29:29 Leather Archer Armor
30:27 Gold Shaft Mining
30:08 Bracer
31:50 Mahayana
32:40 Leather Archer Armor
41:52 Pikeman
43:05 Ring Archer Armor
42:46 Forging
42:41 Scale Barding Armor
42:41 Halberdier
44:23 Scale Mail Armor
48:02 Block Printing
power11
8:36 Feudal Age
12:40 Castle Age
13:30 Double-Bit Axe
14:56 Bow Saw
17:15 Horse Collar
18:57 Wheelbarrow
18:36 Gold Mining
22:31 Hand Cart
24:12 Two-Man Saw
27:52 Imperial Age
24:50 Cavalier
25:31 Husbandry
26:10 Fortified Wall
28:20 Scale Barding Armor
28:01 Paladin
29:59 Chemistry
29:10 Masonry
29:23 Heavy Plow
30:24 Forging
30:35 Chain Barding Armor
31:05 Gold Shaft Mining
31:35 Crop Rotation
32:23 Architecture
33:14 Plate Barding Armor
33:15 Iron Casting
34:50 Light Cavalry
36:14 Hussar
38:01 Blast Furnace
40:02 Pikeman
40:43 Halberdier
41:23 Squires
43:49 Scale Mail Armor
43:44 Man-at-Arms
44:27 Long Swordsman
zackdh9
8:42 Feudal Age
12:57 Castle Age
11:17 Double-Bit Axe
11:21 Horse Collar
15:06 Bow Saw
16:00 Heavy Plow
20:08 Bow Saw
21:09 Wheelbarrow
21:50 Stone Mining
22:22 Gold Mining
23:13 Stone Shaft Mining
23:41 Hand Cart
24:18 Gold Mining
26:05 Kasbah
26:33 Fortified Wall
26:03 Treadmill Crane
27:57 Ballistics
30:29 Imperial Age
27:53 Fletching
28:03 Padded Archer Armor
28:53 Gold Shaft Mining
28:35 Forging
28:30 Scale Barding Armor
29:15 Masonry
29:06 Bodkin Arrow
30:30 Leather Archer Armor
30:52 Iron Casting
30:50 Thumb Ring
30:43 Light Cavalry
31:34 Bloodlines
31:24 Husbandry
32:26 Crop Rotation
32:46 Conscription
33:11 Elite Camel Archer
37:10 Maghrebi Camels
43:09 Guilds
43:09 Loom
44:15 Heavy Camel Rider
Connection lost

Rejoining the realm…

Still unreachable

The connection could not be restored.

Session expired

The server has moved on; the page needs a fresh start.